 Dungeon Crawl Stone Soup version 0.29.0-13-gc9e81de378 (webtiles) character file.

Game seed: 11061624936552927191

999 sanka the Insei (level 8, 0/91 HPs)
             Began as a Yellow Draconian Transmuter on Sept 8, 2022.
             Slain by a two-headed ogre
             ... wielding a +0 giant club
              (3 damage)
             ... on level 4 of the Dungeon.
             The game lasted 00:08:50 (4574 turns).

sanka the Insei (Yellow Draconian Transmuter)       Turns: 4574, Time: 00:08:51

Health: 0/91       AC: 24    Str: 12    XL:     8   Next: 0%
Magic:  8/11       EV:  2    Int: 16    God:
Gold:   175        SH:  0    Dex: 12    Spells: 5/11 levels left

rFire   . . .      SeeInvis .     - Unarmed
rCold   . . .      Faith    .   (no shield)
rNeg    . . .      Spirit   .   (body armour unavailable)
rPois   +          Reflect  .   (helmet currently unavailable)
rElec   .          Harm     .   (cloak currently unavailable)
rCorr   .          Rampage  .   (gloves currently unavailable)
Will    .....      NoTele   +   (boots currently unavailable)
Stlth   +.........              n - amulet of the acrobat
HPRegen 0.25/turn               (no ring)
MPRegen 0.12/turn               (no ring)

@: short of breath, tree-form, wereblooded
A: stationary, stasis, torment immunity, boosted hp, (spit acid), AC +6,
unfitting armour, (cold-blooded), (acid resistance)
a: no special abilities


You were on level 4 of the Dungeon.
You were a tree.
You visited 1 branch of the dungeon, and saw 4 of its levels.
You also visited: Sewer.

You collected 175 gold pieces.


Innate Abilities, Weirdness & Mutations

You are a tree.
Your roots penetrate the ground, keeping you stationary.
You cannot be teleported.
You are immune to unholy pain and torment.
Your maximum health is greatly increased.
Your equipment is partially melded.
((You can spit globs of acid.))
((Your golden yellow scales are hard. (AC +6)))
You cannot fit into any form of body armour.
((You are cold-blooded and may be slowed by cold attacks.))
((You are resistant to acid. (rCorr)))


   Skills:
 + Level 1.8 Fighting
 + Level 2.1 Dodging
 * Level 7.1 Unarmed Combat
 - Level 2.0 Spellcasting
 + Level 6.5 Transmutations


You had 5 spell levels left.
You knew the following spells:

 Your Spells              Type           Power      Damage    Failure   Level
x - Spider Form           Tmut/Pois      12%        N/A       16%         3
y - Wereblood             Tmut           22%        N/A       1%          2
z - Beastly Appendage     Tmut           44%        N/A       1%          1

Your spell library contained the following spells:

 Spells                   Type           Power      Damage    Failure   Level
 Necrotise                Necr           4%         1d4       21%         1
 Ice Form                 Ice/Tmut       12%        N/A       47%         4
 Vampiric Draining        Necr           1%         2d6       52%         3
 Agony                    Necr           1%         N/A       99%         5

Inventory:

Hand Weapons
 k - the +4 dagger "Morg" {pain, Will+ Int+5} In the hands of one skilled in necromantic magic, it inflicts extra damage on living creatures. Int: It affects your intelligence (+5). Will: It increases your willpower.
Missiles
 w - a curare-tipped dart {=f}
Armour
 i - a +0 pair of gloves (melded)
 j - a +1 pair of gloves
 m - a +0 cloak (melded)
Jewellery
 n - an amulet of the acrobat (around neck)
Scrolls
 d - a scroll of acquirement {unknown}
 e - a scroll of vulnerability {unknown}
 f - 4 scrolls of identify {unknown}
 p - a scroll of teleportation {unknown}
 q - a scroll of noise {unknown}
 r - a scroll of blinking {unknown}
 t - a scroll of fear {unknown}
 v - a scroll of butterflies {unknown}
Potions
 a - 2 potions of lignification {!q}
 b - 3 potions of attraction {unknown}
 c - 2 potions of heal wounds {unknown}
 g - a potion of haste {unknown}
 h - a potion of degeneration {unknown}
 l - 3 potions of curing {unknown}
 o - a potion of berserk rage {unknown}
 s - a potion of might {unknown}
 u - a potion of brilliance {unknown}
 x - 2 potions of flight {unknown}

Dungeon Overview and Level Annotations

Branches:
Dungeon (4/15)              Sewer (visited)
 Temple: D:4-7

Altars:

Shops:
D:3 :   D:4 *

Annotations:
D:4 4 runed translucent doors

▒▒.▒ ▒.▒▒ ▒8....8▒...▒▒▒
▒▒..▒ ▒..▒ ▒?....|▒.▒.††.
...▒▒ ▒.. ▒=..../▒.▒.▒▒▒
.▒..▒ ▒▒▒.▒▒ ▒8....8▒.▒.▒
▒▒▒.▒ ▒...▒ ▒▒▒▒▒▒▒8..8▒▒...▒
..▒.▒▒ ▒.▒.▒
▒▒.▒.'.▒▒++▒▒....▒
▒.▒..▒▒▒.▒.▒
▒.▒..▒..........▒▒
....÷÷÷....▒.▒▒▒▒.▒.▒▒▒▒▒▒▒▒▒
....▒▒▒▒▒..▒▒.KO♣▒▒.▒ ~...▒
▒...▒▒▒▒▒▒..▒ ~~..▒
▒▒▒........▒▒ ~~..▒
▒▒▒▒▒▒▒▒▒▒ ~.~.▒ ~~~.▒ ~...▒
▒▒▒▒▒


You could see a two-headed ogre and a kobold.


Message History

The two-headed ogre hits you with a +0 giant club!!
You hit the two-headed ogre but do no damage.
You claw the two-headed ogre!
The two-headed ogre is moderately wounded.
You howl as the wereblood boils in your veins!
Really quaff
a - 3 potions of lignification {!q}?
Really quaff the potion of lignification?
Your horns disappear.
Your talons disappear.
You turn into a tree.
Your roots penetrate the ground.
The two-headed ogre hits you with a +0 giant club!
* * * LOW HITPOINT WARNING * * *
The two-headed ogre hits you with a +0 giant club!
* * * LOW HITPOINT WARNING * * *
Unknown command.
You smack the two-headed ogre!
The two-headed ogre is severely wounded.
You smack the two-headed ogre!
The two-headed ogre is almost dead.
The two-headed ogre hits you with a +0 giant club!
* * * LOW HITPOINT WARNING * * *
The two-headed ogre hits you with a +0 giant club.
* * * LOW HITPOINT WARNING * * *
You smack the two-headed ogre!
The two-headed ogre is almost dead.
The two-headed ogre hits you with a +0 giant club!!
* * * LOW HITPOINT WARNING * * *
The two-headed ogre hits you with a +0 giant club.
You die...

Action                   |  1- 3 |  4- 6 |  7- 9 || total
-------------------------+-------+-------+-------++-------
Melee: Unarmed           |    49 |   153 |   154 ||   356
       Kick              |    11 |    12 |    29 ||    52
       Headbutt          |     8 |     3 |    27 ||    38
       Tailslap          |     4 |     9 |    10 ||    23
       Punch             |     2 |     3 |     5 ||    10
 Cast: Beastly Appendage |    13 |     8 |    15 ||    36
       Wereblood         |     1 |     5 |     6 ||    12
       Spider Form       |       |    11 |       ||    11
 Abil: Breathe Acid      |       |       |     1 ||     1
  Use: Potion            |       |       |     1 ||     1
Armor: Skin              |    13 |    51 |    34 ||    98
Dodge: Dodged            |    35 |   139 |    79 ||   253

Levels and vault maps discovered:
D:1:      lemuel_arrival_behind_the_door_large, layout_loops_ring,
          hellmonk_ecumenical_altar_zigzags, minmay_crystal_water,
          kennysheep_minor_cross
D:2:      layout_loops_ring, dilly_guarded_unrand_morg, uniq_sigmund,
          uniq_jessica
D:3:      layout_basic, serial_shops, shop_fountains
D:4:      layout_rooms, serial_shops, shop, portal_sewer_entry_e,
          minmay_hollow_rounded_squares

Notes
Turn   | Place    | Note
-------+----------+-------------------------------------------
     0 | D:1      | sanka the Draconian Transmuter began the quest for the Orb.
     0 | D:1      | Reached XP level 1. HP: 16/16 MP: 3/3
   323 | D:1      | Reached XP level 2. HP: 23/23 MP: 3/5
   528 | D:1      | Found a faded altar of an unknown god.
   946 | D:1      | Learned a level 2 spell: Wereblood
   947 | D:2      | Noticed Sigmund
   988 | D:2      | Killed Sigmund
   989 | D:2      | Reached skill level 4 in Unarmed Combat
   989 | D:2      | Reached skill level 4 in Transmutations
   989 | D:2      | Reached XP level 3. HP: 14/28 MP: 3/6
   989 | D:2      | Reached XP level 4. HP: 17/35 MP: 3/7
   989 | D:2      | Reached XP level 5. HP: 20/40 MP: 3/8
  1145 | D:2      | Learned a level 3 spell: Spider Form
  1595 | D:2      | Reached skill level 5 in Unarmed Combat
  1818 | D:2      | Noticed Jessica
  1821 | D:2      | Killed Jessica
  2013 | D:2      | Noticed Natasha
  2023 | D:2      | Killed Natasha
  2024 | D:2      | Reached XP level 6. HP: 47/47 MP: 5/9
  2105 | D:2      | Found the +4 dagger "Morg" {pain, Will+ Int+5}
  2917 | D:3      | Found Qylus's Book Shoppe.
  2969 | D:4      | Found Akhlitipt's Assorted Antiques.
  3013 | D:4      | Found a large runed translucent door.
  3014 | D:4      | Found a large runed translucent door.
  3030 | D:4      | Reached skill level 5 in Transmutations
  3035 | D:4      | Noticed an acid dragon
  3062 | D:4      | Found a large runed translucent door.
  3062 | D:4      | Found a large runed translucent door.
  3093 | D:4      | Reached skill level 6 in Unarmed Combat
  3093 | D:4      | Your scales start taking on a golden yellow colour.
  3093 | D:4      | Reached XP level 7. HP: 15/52 MP: 5/10
  3093 | D:4      | Gained mutation: You are resistant to acid. (rCorr) [Yellow
                  | Draconian growth]
  3309 | D:4      | Found a glowing drain.
  3314 | Sewer    | Entered a sewer
  3623 | Sewer    | Reached skill level 6 in Transmutations
  4250 | Sewer    | Reached skill level 2 in Dodging
  4250 | Sewer    | Reached skill level 7 in Unarmed Combat
  4565 | D:4      | Noticed a two-headed ogre
  4568 | D:4      | Reached XP level 8. HP: 61/61 MP: 7/11
  4574 | D:4      | HP: 3/91 [two-headed ogre/+0 giant club (18)]
  4574 | D:4      | Slain by a two-headed ogre

Vanquished Creatures
  Sigmund (D:2)
  2 black bears (D:4)
  5 kobold brigands (Sewer)
  A hound (D:4)
  Jessica (D:2)
  Natasha (D:2)
  4 gnolls
  6 river rats
  4 adders
  An adder skeleton (D:2)
  An adder zombie (D:2)
  6 worms
  A dart slug (D:1)
  9 orcs
  2 bats
  7 endoplasms
  6 giant cockroaches
  6 goblins
  5 hobgoblins
  8 kobolds
  4 quokkas
  14 ball pythons
  2 frilled lizards (D:1)
  2 giant cockroach zombies (D:2)
  A jackal skeleton (D:2)
  6 rats
  A spectral giant cockroach (D:2)
107 creatures vanquished.

Vanquished Creatures (others)
  10 withered plants (D:2)
10 creatures vanquished.

Grand Total: 117 creatures vanquished
